 Dungeon Crawl Stone Soup version 0.17-a0-1738-g82cdc46 (console) character file.

10 utis the Magician (level 2, 0/15 HPs)
             Began as a Kobold Wizard on Aug 30, 2015.
             Slain by a hobgoblin
             ... wielding a +0 club
              (5 damage)
             ... on level 1 of the Dungeon.
             The game lasted 00:01:39 (468 turns).

utis the Magician (Kobold Wizard)                    Turns: 468, Time: 00:01:40

Health: 0/15       AC:  2    Str:  5    XL:     2   Next: 30%
Magic:  2/6        EV: 15    Int: 16    God:
Gold:   37         SH:  0    Dex: 14    Spells: 1 memorised, 6 levels left

rFire  . . .     SeeInvis .     e - +0 dagger
rCold  . . .     Clarity  .     a - +0 robe
rNeg   . . .     SustAt   .     (shield restricted)
rPois  .         Gourm    .     b - +0 hat
rElec  .         Spirit   .     (no cloak)
rCorr  .         Warding  .     (no gloves)
rMut   .         Stasis   .     (no boots)
MR     .....                    (no amulet)
Stlth  ++........               (no ring)
                                (no ring)

@: not resistant to hostile enchantments, unstealthy
A: carnivore 3
a: no special abilities


You were on level 1 of the Dungeon.
You were completely stuffed.

You visited 1 branch of the dungeon, and saw 1 of its levels.

You collected 37 gold pieces.

Inventory:

Hand weapons
 e - a +0 dagger (weapon)
Missiles
 h - 56 stones (quivered)
Armour
 a - a +0 robe (worn)
 b - a +0 hat (worn)
Scrolls
 f - a scroll of magic mapping {unknown}
Potions
 i - 2 potions of might {unknown}
Books
 c - a book of Minor Magic

   Spells                             Type                      Level
   a - Magic Dart                     Conjuration                  1
   b - Blink                          Translocation                2
   c - Call Imp                       Summoning                    2
   d - Repel Missiles                 Charms/Air                   2
   e - Slow                           Hexes                        2
   f - Conjure Flame                  Conjuration/Fire             3
   g - Mephitic Cloud                 Conjuration/Poison/Air       3
Comestibles
 d - a meat ration
 g - 4 chunks of flesh


   Skills:
 - Level 2.4 Dodging
 - Level 2.6 Stealth
 - Level 3.0 Spellcasting
 + Level 2.0 Conjurations
   Level 1.0 Summonings
   Level 1.0 Translocations


You had 6 spell levels left.
You knew the following spells:

 Your Spells              Type           Power        Failure   Level  Hunger
a - Magic Dart            Conj           #...         10%         1    #......


Dungeon Overview and Level Annotations

Branches:
Dungeon (1/15)

Altars:


Innate Abilities, Weirdness & Mutations

You are small and have problems with some larger weapons.
You are carnivorous and can eat meat at any time.


Message History

Aim: a hobgoblin, wielding a club (moderately wounded)
The magic dart hits the hobgoblin.
The hobgoblin is moderately wounded.
Casting: Magic Dart
Confirm with . or Enter, or press ? or * to list all spells.
Aiming: Magic Dart
Press: ? - help, Shift-Dir - straight line, f/p - hobgoblin
Aim: a hobgoblin, wielding a club (moderately wounded)
The magic dart hits the hobgoblin.
The hobgoblin is severely wounded.
The hobgoblin closely misses you.
Casting: Magic Dart
Confirm with . or Enter, or press ? or * to list all spells.
Aiming: Magic Dart
Press: ? - help, Shift-Dir - straight line, f/p - hobgoblin
Aim: a hobgoblin, wielding a club (severely wounded)
The magic dart hits the hobgoblin.
The hobgoblin is severely wounded.
The hobgoblin hits you with a club.
You die...

... ▓..▓▓▓..▓▓▓▓▓▓▓.....▓ ..
▓...................▓ ▓ ▓.
▓.▓.▓..▓.▓▓▓▓▓▓.....▓
..▓▓▓.▓▓▓...▓..▓.▓▓▓........▓
...........▓▓........▓▓.....▓▓
................▓.....▓....).▓
▓.▓▓▓▓.....▓▓▓...▓▓.▓▓...▓▓▓▓.▓
...........▓▓▓.g.▓..▓▓▓▓).▓ ▓.▓
▓▓+▓▓▓'▓▓..▓▓▓.K..▓▓ ▓▓>▓▓▓.▓▓▓
▓≈.§≈≈.≈▓....▓...▓▓ ▓........
▓≈≈§§.≈≈▓..▓.▓...▓ ▓▓▓▓▓.▓▓▓
.▓≈§...≈≈▓.....▓..▓▓▓ ▓.▓ ▓
...≈.<.≈...▓........▓ ▓.▓▓
.▓≈≈...≈≈▓.▓▓.......▓ ▓..▓▓
▓§≈.§.≈≈▓.▓........▓▓▓ ▓▓.▓▓
▓≈.≈≈≈.§▓.▓.▓........▓ ▓▓▓▓▓▓.▓.
▓▓+▓▓▓+▓▓....▓▓...▓▓.▓▓▓........


You could see a hobgoblin.

Vanquished Creatures
  A giant gecko (D:1)
  A goblin (D:1)
  2 hobgoblins (D:1)
  2 bats (D:1)
  A giant newt (D:1)
  2 rats (D:1)
9 creatures vanquished.

Notes
Turn   | Place    | Note
--------------------------------------------------------------
     0 | D:1      | utis the Kobold Wizard began the quest for the Orb.
     0 | D:1      | Reached XP level 1. HP: 10/10 MP: 4/4
     7 | D:1      | Reached skill level 1 in Conjurations
   219 | D:1      | Reached XP level 2. HP: 15/15 MP: 4/6
   468 | D:1      | Slain by a hobgoblin

Vault maps used:
D:1:      ncdulo_lavacross, dk_noncrumbling_3

Action                   || total
-------------------------++-------
Melee: Dagger            ||     7
 Cast: Magic Dart        ||    26
  Eat: Chunk             ||     7
